AoeStats
← Ux'RaúlME

Arabia

508093173Analyzed
1v1 RM · 12d ago on Sep 20, 2026· 25m 30s· 2 players
Game mode
Random Map
Map size
Tiny (2 player)
Population
200
Speed
Normal
Resources
Standard
Victory
Conquest
Starting age
Dark Age
Ending age
Imperial Age
RankedLock teamsTeams togetherTeam positionsShared explorationLock speedFull tech treeHidden civsTurbo modeCheats
Victory
Defeat
🇧🇴 Spanish · Bolivia
1410
+15
🇲🇽 Franks · Mexico
1399
-15
Ux'RaúlME
5:19 Loom
11:37 Feudal Age
12:09 Double-Bit Axe
14:27 Town Watch
18:42 Castle Age
17:39 Padded Archer Armor
25:28 Fletching
DSLG | GORDA CACHONDA
2:59 Loom
11:04 Feudal Age
16:38 Castle Age
15:36 Double-Bit Axe
23:36 Padded Archer Armor
Connection lost

Rejoining the realm…

Still unreachable

The connection could not be restored.

Session expired

The server has moved on; the page needs a fresh start.